 Dungeon Crawl Stone Soup version 0.29-a0-409-gd843f3a48c (webtiles) character file.

Game seed: 3700886069398034483

1 bande the Sneak (level 1, -2/13 HPs)
             Began as a Gnoll Wanderer on May 14, 2022.
             Slain by a frilled lizard (4 damage)
             ... on level 1 of the Dungeon.
             The game lasted 00:00:56 (61 turns).

bande the Sneak (Gnoll Wanderer)                      Turns: 61, Time: 00:00:57

Health: -2/13      AC:  7    Str: 12    XL:     1   Next: 20%
Magic:  3/3        EV: 10    Int:  7    God:
Gold:   0          SH:  0    Dex: 16    Spells: 0/0 levels left

rFire   . . .      SeeInvis .   d - +0 hand axe
rCold   . . .      Faith    .   (no shield)
rNeg    . . .      Spirit   .   h - +0 leather armour
rPois   .          Reflect  .   (no helmet)
rElec   .          Harm     .   (no cloak)
rCorr   .          Rampage  .   (no gloves)
Will    .....                   (no boots)
Stlth   ++++......              (no amulet)
HPRegen 0.04/turn               (no ring)
MPRegen 0.08/turn               (no ring)

@: no status effects
A: fangs 1, strong nose, distributed training, iridescent scales 2, strong 1,
subdued magic 1
a: no special abilities


You were on level 1 of the Dungeon.
You visited 1 branch of the dungeon, and saw 1 of its levels.

Inventory:

Hand Weapons
 a - a +0 dagger
 d - a +0 hand axe (weapon)
 f - a +0 dagger
Missiles
 e - 7 poisoned darts (quivered)
Armour
 h - a +0 leather armour (worn)
Potions
 g - a potion of lignification {unknown}


   Skills:
 + Level 0.0 Fighting
 + Level 0.0 Short Blades
 + Level 0.0 Long Blades
 + Level 4.4 Axes
 + Level 0.0 Maces & Flails
 + Level 0.0 Polearms
 + Level 0.0 Staves
 + Level 0.0 Slings
 + Level 0.0 Bows
 + Level 0.0 Crossbows
 + Level 2.3 Throwing
 + Level 2.3 Armour
 + Level 0.0 Dodging
 + Level 7.7 Stealth
 + Level 0.0 Shields
 + Level 0.0 Unarmed Combat
 + Level 0.0 Spellcasting
 + Level 0.0 Conjurations
 + Level 0.0 Hexes
 + Level 0.0 Summonings
 + Level 0.0 Necromancy
 + Level 0.0 Translocations
 + Level 0.0 Transmutations
 + Level 0.0 Fire Magic
 + Level 0.0 Ice Magic
 + Level 0.0 Air Magic
 + Level 0.0 Earth Magic
 + Level 0.0 Poison Magic
 + Level 4.4 Invocations
 + Level 0.0 Evocations


You couldn't memorise any spells.
You didn't know any spells.
Your spell library was empty.

Dungeon Overview and Level Annotations

Branches:
Dungeon (1/15)

Altars:


Innate Abilities, Weirdness & Mutations

You have very sharp teeth.
Your uncanny sense of smell can sniff out nearby items.
Your experience applies equally to all skills.
You are mostly covered in iridescent scales. (AC +4)
Your muscles are strong. (Str +2)
Your spells are a little easier to cast, but a little less powerful.


Message History

You are too injured to fight recklessly!
You hit the endoplasm.
You bite the endoplasm, but do no damage.
The endoplasm is heavily wounded.
The endoplasm freezes you.
You are frozen.
* * * LOW HITPOINT WARNING * * *
You hit the endoplasm.
You kill the endoplasm!
Throw: 2 darts (datura)
Press: ? - help, Q - select action, (/) - cycle Shift-Dir - straight line, f - frilled lizard
Aim: a frilled lizard (asleep, 98% to hit, chance to frenzy on hit: 100%)
You throw a datura-tipped dart.
The datura-tipped dart hits the frilled lizard.
The frilled lizard flies into a frenzy!
The frilled lizard hisses angrily.
Throw: dart (datura)
Press: ? - help, Q - select action, (/) - cycle Shift-Dir - straight line, f/p - frilled lizard
Aim: a frilled lizard (fast, strong, frenzied and insane, 42% to hit, immune)
You throw a datura-tipped dart.
The datura-tipped dart hits the frilled lizard.
The frilled lizard hisses angrily.
Throw: 10 darts (poison)
Press: ? - help, Q - select action Shift-Dir - straight line, f/p - frilled lizard
Aim: a frilled lizard (fast, strong, frenzied and insane, 42% to hit)
You throw a poisoned dart.
The poisoned dart closely misses the frilled lizard.
Throw: 9 darts (poison)
Press: ? - help, Q - select action Shift-Dir - straight line, f/p - frilled lizard
Aim: a frilled lizard (fast, strong, frenzied and insane, 42% to hit)
You throw a poisoned dart.
The poisoned dart closely misses the frilled lizard.
Throw: 8 darts (poison)
Press: ? - help, Q - select action Shift-Dir - straight line, f/p - frilled lizard
Aim: a frilled lizard (fast, strong, frenzied and insane, 42% to hit)
You throw a poisoned dart.
The poisoned dart misses the frilled lizard.
The frilled lizard hisses angrily.
The frilled lizard bites you.
You die...

.#. .(. #(# #.#
### #+# ...
#.###.# #.#
.#.##.# #.#
###.#.## #l#
.#.#...####### #@#
#.#..........# #.#
#.##...#####.# #.#
# ##..######.###.#
#.##.###.........#
#........###.#####
####.........#
###########


You could see a neutral frilled lizard (fast, strong, insane).

Vanquished Creatures
  An endoplasm (D:1)
1 creature vanquished.

Notes
Turn   | Place    | Note
-------+----------+-------------------------------------------
     0 | D:1      | bande the Gnoll Wanderer began the quest for the Orb.
     0 | D:1      | bande set off with the following items: a +0 dagger, an
                  | atropa-tipped dart, 2 datura-tipped darts, a +0 hand axe,
                  | 10 poisoned darts, a +0 dagger, a potion of mutation, a +0
                  | leather armour
     0 | D:1      | Reached XP level 1. HP: 13/13 MP: 3/3
     0 | D:1      | Gained mutation: You are partially covered in iridescent
                  | scales. (AC +2) [potion of mutation]
     0 | D:1      | Gained mutation: Your muscles are strong. (Str +2) [potion
                  | of mutation]
     0 | D:1      | Gained mutation: Your spells are a little easier to cast,
                  | but a little less powerful. [potion of mutation]
     0 | D:1      | Gained mutation: You are mostly covered in iridescent
                  | scales. (AC +4) [potion of mutation]
    61 | D:1      | Slain by a frilled lizard

Illustrated notes

Levels and vault maps discovered:
D:1:      tarquinn_simple_flora_water_c, layout_loops_corners,
          lemuel_flame_loot_1

Action                   || total
-------------------------++-------
Melee: Hand axe          ||     3
       Bite              ||     1
Throw: Dart              ||     6
  Use: Potion            ||     1

Table legend: (Time is in decaauts)
 A = Elapsed time spent in this place.
 B = Non-inter-level travel time spent in this place.
 C = Inter-level travel time spent in this place.
 D = Time resting spent in this place.
 E = Time spent auto-exploring this place.
 F = Levels seen in this place.
 G = Mean time per level.
                   A        B        C        D        E       F      G
               +--------+--------+--------+--------+--------+-----+--------+
         Total |     60 |     60 |      0 |      0 |     45 |   1 |   60.0 |
       Dungeon |     60 |     60 |      0 |      0 |     45 |   1 |   60.0 |
               +--------+--------+--------+--------+--------+-----+--------+

Top non-repeatable levels by time:
     D:1: 60 daAuts
